[Event "Dutch Internet Championship Final"]
[Site "playchess.com #038132"]
[Date "2011.06.18"]
[Round "3.1"]
[White "Jan Smeets"]
[Black "Ivan Sokolov"]
[Result "1/2-1/2"]
[ECO "C76"]
[WhiteElo "2833"]
[BlackElo "2401"]
[PlyCount "182"]
[EventDate "2011.06.18"]
[EventType "match (blitz)"]
[TimeControl "180+3"]

1. e4 e5 2. Nf3 Nc6 3. Bb5 a6 4. Ba4 d6 5. c3 Bd7 6. d4 g6 7. O-O Bg7 8. Re1 Nf6 9. dxe5 Nxe5 10. Nxe5 dxe5 11. Bxd7+ Qxd7 12. Qxd7+ Nxd7 13.
Be3 f5 14. f3 O-O-O 15. Nd2 Nf6 16. Nc4 fxe4 17. Nxe5 Rde8 18. f4 Nd5 19. Nc4 b5 20. Nd2 b4 21. Rac1 bxc3 22. bxc3 Rhf8 23. g3 Bxc3 24. Re2 g5 {[%emt 0:00:
20] '} 25. fxg5 Rf3 26. Bc5 Bxd2 27. Rxd2 c6 28. Rb2 Rc3 29. Rxc3 Nxc3 30. Bd4 Nd5 31. Kf2 Rf8+ 32. Ke2 Rf3 33. Be5 Kd7 34. Rc2 Ra3 35. Kf2 Nb4 36. Rd2+ Ke6 37. Bd6 Nd3+ 38. Ke3 Ra4 39. Bf8 Ne5 40. Re2 Ng4+ 41. Kf4 e3+ 42. Kf3 Kf5 43. h3 Ne5+ 44. Kxe3 Kxg5 45. Kf2 Kf5 46. g4+ Kf6 47. Bd6 Nc4 48. Bf4 c5 49. h4 Nb6 50. Kf3 Nd5 51. g5+ Kf7 52. Bg3 Ra3+ 53. Kg4 c4 54. Re5 Ne3+ 55. Kh5 Nd1 56. Rf5+ Ke6 57. Rf6+ Kd5 58. Rd6+ Ke4 59. Rxd1 Rxg3 60. Rd7 c3 61. Rxh7 c2 62. Rc7 Kd3 63. g6 Kd2 64. Rxc2+ Kxc2 65. Kh6 a5 66. h5 a4 67. Kg7 a3 68. h6 Kb2 69. h7 Rh3 70. Kf8 Kxa2 71. g7 Rxh7 72. g8=Q+ Kb2 73. Qg2+ Kb1 74. Qe4+ Kb2 75. Qb4+ Ka2 76. Ke8 Rg7 77. Kd8 Rh7 78. Kc8 Rg7 79. Qc3 Rh7 80. Qc2+ Ka1 81. Kb8 Rf7 82. Ka8 Rh7 83. Kb8 Rf7 84. Qb3 a2 85. Qc2 Rb7+ 86. Ka8 Ra7+ 87. Kb8 Rb7+ 88. Kc8 Rc7+ 89. Qxc7 Kb1 90. Qa7 a1=Q 91. Qxa1+ Kxa1 {[%emt 0:00:01]
(Lag: Av=0.38s, max=2.0s)} 1/2-1/2

[Event "Dutch Internet Championship Final"]
[Site "playchess.com #038132"]
[Date "2011.06.18"]
[Round "3.2"]
[White "Christov"]
[Black "kingloek"]
[Result "1/2-1/2"]
[ECO "B50"]
[WhiteElo "2514"]
[BlackElo "2884"]
[PlyCount "103"]
[EventDate "2011.06.18"]
[EventType "match (blitz)"]
[TimeControl "180+3"]

1. e4 c5 2. Nf3 d6 3. Nc3 Nf6 4. e5 dxe5 5. Nxe5 Nbd7 6. Nc4 g6 7. Qe2 Bg7 8. Nd6+ Kf8 9. Nxc8 Rxc8 10. g3 Qc7 11. Bg2 a6 12. d3 h5 13. h4 Bh6 14. O-O Bxc1 15. Raxc1 e6 16. Ne4 Kg7 17. Ng5 Rhe8 18. c3 b5 19. Rfe1 Qb6 20. Bh3 a5 21. Kh2 b4 22. c4 Qd6 23. f4 Rcd8 24. Rcd1 Nb8 25. Bg2 Nc6 26. Bxc6 Ng4+ 27. Kg1 Qxc6 28. Nf3 Qb6 29. Ne5 Nh6 30. Qf2 Nf5 31. Kh2 Qd6 32. Nf3 Qe7 33. Kg2 Qd6 34. Re5 Rc8 35.
d4 Red8 36. d5 Qa6 37. b3 exd5 38. Rexd5 Re8 39. Ne5 Qb7 40. Kg1 Re7 41. R1d3 Qb6 42. Rd7 Rc7 43. Rd8 Qe6 44. Ra8 f6 45. Nf3 Qe4 46. Rdd8 Qb1+ 47. Kh2 Ne3 48. Rg8+ Kh7 49. Rh8+ Kg7 50. Rhg8+ Kh7 51. Rh8+ Kg7 52. Rhg8+ {[%emt 0:00:05] (Lag: Av=0.59s, max=6.0s)} 1/2-1/2

[Event "Dutch Internet Championship Final"]
[Site "playchess.com #038132"]
[Date "2011.06.18"]
[Round "3.2"]
[White "Ivan Sokolov"]
[Black "Jan Smeets"]
[Result "1-0"]
[ECO "A01"]
[WhiteElo "2422"]
[BlackElo "2819"]
[PlyCount "55"]
[EventDate "2011.06.18"]
[EventType "match (blitz)"]
[TimeControl "180+3"]

1. b3 d5 2. Bb2 c5 3. e3 a6 4. f4 Nc6 5. Nf3 Bg4 6. Be2 e6 7. d3 Nf6 8. Ne5 Bxe2 9. Qxe2 Nxe5 10. fxe5 Nd7 11. O-O g6 12. Qf3 Qe7 13. c4 Bg7 14. Qg3 O-O 15. Nd2 b5 16. Rac1 Rab8 17. Ba1 a5 18. Nf3 a4 19. bxa4 bxc4 20. dxc4 Bh6 21. Rc3 Nb6 22. Qh3 Bg7 23. cxd5 Nxd5 24. Rcc1 Nxe3 25. Rfe1 Nd5 26. Rc4 Rb4 27. Qg4 Ne3 28. Rxe3 {
[%emt 0:00:04] Jan Smeets resigns  (Lag: Av=0.57s, max=2.1s)} 1-0

[Event "Dutch Internet Championship Final"]
[Site "playchess.com #038132"]
[Date "2011.06.18"]
[Round "3.3"]
[White "Jan Smeets"]
[Black "Ivan Sokolov"]
[Result "1-0"]
[ECO "C45"]
[WhiteElo "2788"]
[BlackElo "2459"]
[PlyCount "107"]
[EventDate "2011.06.18"]
[EventType "match (blitz)"]
[TimeControl "180+3"]

1. e4 e5 2. Nf3 Nc6 3. d4 exd4 4. Nxd4 Nge7 5. Be3 Nxd4 6. Qxd4 Nc6 7. Qd2 Bb4 8. Nc3 O-O 9. a3 Ba5 10. Bd3 d6 11. O-O-O Ne5 12. h4 Be6 13.
h5 b5 14. h6 g6 15. Bxb5 Rb8 16. b4 c5 17. bxa5 Qxa5 18. a4 a6 19. Nd5 Qxd2+ 20. Rxd2 Bxd5 21. Rxd5 axb5 22. Rxd6 Nc4 23. Ra6 Nxe3 24. fxe3 Rfe8 25. axb5 Rxb5 26. Ra4 f6 {
[%emt 0:00:33] '} 27. Rd1 Kf7 28. Rd7+ Re7 29. Rxe7+ Kxe7 30. Ra7+ Ke6 31. Rxh7 c4 32. g4 Ra5 33. Kb2 Ra8 34. Kc3 Ke5 35. Re7+ Kd6 36. Rg7 g5 37. Kd4 Rh8 38. h7 c3 39. Kxc3 Ke5 40.
Kd3 Rd8+ 41. Ke2 Rh8 42. Kf3 Ke6 43. Ra7 Kd6 44. Ke2 Ke5 45. Re7+ Kd6 46. Rb7 Ke5 47. Kf3 Ke6 48. c4 Kd6 49. Ke2 Ke5 50. Kf3 Kd6 51. Rg7 Kc5 52. e5 fxe5 53. Ke4 Kd6 54. Kf5 {[%emt 0:00:04] Ivan Sokolov resigns  (Lag: Av=0.35s,
max=1.3s)} 1-0

[Event "Dutch Internet Championship Final"]
[Site "playchess.com #038132"]
[Date "2011.06.18"]
[Round "3.3"]
[White "kingloek"]
[Black "Christov"]
[Result "1-0"]
[ECO "E94"]
[WhiteElo "2871"]
[BlackElo "2527"]
[PlyCount "161"]
[EventDate "2011.06.18"]
[EventType "match (blitz)"]
[TimeControl "180+3"]

1. d4 Nf6 2. c4 g6 3. Nc3 Bg7 4. e4 d6 5. Nf3 O-O 6. Be2 e5 7. O-O Na6 8. Re1 c6 9. Be3 Ng4 10. Bg5 f6 11. Bc1 exd4 12. Nxd4 Ne5 13. f4 Nf7 14. Bf3 Nc5 15. Be3 a5 16. Qd2 Qe7 17. Rad1 Bd7 18. Bf2 Rfe8 19. b3 a4 20.
b4 Na6 21. a3 Nc7 22. Nc2 Qf8 23. Ne3 Ne6 24. g3 Nc7 25. Qc2 b5 26. cxb5 Nxb5 27. Nxb5 cxb5 28. Qc7 Be6 29. Rc1 Rab8 30. Red1 Bb3 31. Re1 Rec8 32. Qa7 Ra8 33. Qd7 Rab8 34. Bg4 Rd8 35. Qa7 Nh6 36. Bf3 Ra8 37. Qc7 Rac8 38. Qb7 Rb8 39. Qa6 Nf7 40. Rc7 Qe8 41. Qc6 Qxc6 42. Rxc6 Rd7 43. Rec1 Nd8 44. R6c3 f5 45. Rd3 fxe4 46. Bxe4 Ne6 47. Bd5 Re8 48. Kg2 Bxd5+ 49. Nxd5 Kf7 50. Rc6 Rb8 51. h3 Nd8 52. Rb6 Rbb7 53. Kf3 Bf8 54. Ra6 Ne6 55. g4 Rd8 56. Rc6 Rbb8 57. Rdc3 Rd7 58. Rc1 Rdd8 59. Be3 Rb7 60. f5 gxf5 61. gxf5 Ng7 62. Rc7+ Rd7 63. Rxd7+ Rxd7 64. Ke4 Nh5 65.
Bg5 Bg7 66. Rc7 Ng3+ 67. Kf4 Be5+ 68. Kf3 Rxc7 69. Nxc7 Nxf5 70.
Nxb5 Ke6 71. Ke4 d5+ 72. Kd3 Nd6 73. Nc7+ Kf5 74. Bc1 Ne4 75.
Nxd5 Nf2+ 76. Kc4 Nxh3 77. b5 h5 78. b6 h4 79. b7 Nf2 80. Bf4 Ng4 81. Kb5 {[%emt 0:00:06] Christov geeft op
(Lag: Av=0.60s, max=4.2s)} 1-0

[Event "Dutch Internet Championship Final"]
[Site "playchess.com #038132"]
[Date "2011.06.18"]
[Round "3.4"]
[White "Christov"]
[Black "kingloek"]
[Result "0-1"]
[ECO "B85"]
[WhiteElo "2523"]
[BlackElo "2875"]
[PlyCount "92"]
[EventDate "2011.06.18"]
[EventType "match (blitz)"]
[TimeControl "180+3"]

1. e4 c5 2. Nf3 e6 3. Nc3 d6 4. d4 cxd4 5. Nxd4 Nf6 6. Be2 Be7 7. O-O O-O 8. f4 a6 9. g4 Nc6 10. g5 Nd7 11. Be3 Nxd4 12. Qxd4 e5 13. Qd2 exf4 14. Bxf4 Ne5 15. Nd5 Be6 16. Nxe7+ Qxe7 17. b3 Rfd8 18. c4 Qc7 19. Rad1 b5 20.
cxb5 axb5 21. Rf2 Qb6 22. Be3 Qb7 23. Rf4 d5 24. exd5 Rxd5 25.
Rd4 Rxd4 26. Qxd4 Ng6 27. Qd8+ Rxd8 28. Rxd8+ Nf8 29. Bc5 h6 30. Rxf8+ Kh7 31. Bd3+ Bf5 32. Bxf5+ g6 33. Bd4 gxf5 34. Rh8+ Kg6 35. Rg8+ Kh5 36. gxh6 Kxh6 37. Be3+ Kh7 38. Rg5 Qe4 39. Kf2 f4 40. Bd2 f5 41. Rh5+ Kg6 42. Rh4 Qd4+ 43. Ke1 Qg1+ 44. Ke2 Qg2+ 45. Ke1 f3 46. Rf4 Qe2# {
[%emt 0:00:02] (Lag: Av=0.41s, max=1.1s)} 0-1

[Event "Dutch Internet Championship Final"]
[Site "playchess.com #038132"]
[Date "2011.06.18"]
[Round "3.4"]
[White "Ivan Sokolov"]
[Black "Jan Smeets"]
[Result "1/2-1/2"]
[ECO "A01"]
[WhiteElo "2454"]
[BlackElo "2792"]
[PlyCount "98"]
[EventDate "2011.06.18"]
[EventType "match (blitz)"]
[TimeControl "180+3"]

1. b3 d5 2. Bb2 c5 3. e3 a6 4. f4 Nc6 5. d3 Nf6 6. Nd2 g6 7. Ngf3 Bg7 8. Be2 O-O 9. Ne5 Nxe5 10. Bxe5 Nd7 11. Bxg7 Kxg7 12. Nf3 Qc7 13. d4 cxd4 14. Qxd4+ Nf6 15. Rc1 b5 16. O-O Bg4 17. h3 Bxf3 18. Bxf3 Rac8 19. Rfd1 Rfd8 20. c3 Rd6 21. Qe5 Rc6 22. Rxd5 Rxc3 23. Rxc3 Qxc3 24. Rd1 Rc7 25. Qxc3 Rxc3 26. e4 Rc2 27. e5 Nh5 28. Bxh5 gxh5 29. Rd7 e6 30. f5 exf5 31. e6 Rxa2 32. Rxf7+ Kg6 33. Ra7 Kf6 34. e7 Kf7 35. b4 h4 36. Kf1 Ke8 37. Kg1 h5 38. Kf1 Kf7 39. Kg1 Re2 40.
Rxa6 Rxe7 41. Rb6 Re5 42. Kf2 Kg7 43. Kf3 Kf7 44. Kf4 Re4+ 45.
Kxf5 Rxb4 46. Rb7+ Kf8 47. Kg5 Rb2 48. Kxh4 Rxg2 49. Rxb5 Kg7 {[%emt 0:00:01] 
(Lag: Av=0.58s, max=1.6s)} 1/2-1/2

[Event "Dutch Internet Championship Final"]
[Site "playchess.com #038132"]
[Date "2011.06.18"]
[Round "3.5"]
[White "Jan Smeets"]
[Black "Ivan Sokolov"]
[Result "1-0"]
[ECO "C69"]
[WhiteElo "2780"]
[BlackElo "2467"]
[PlyCount "87"]
[EventDate "2011.06.18"]
[EventType "match (blitz)"]
[TimeControl "180+3"]

1. e4 e5 2. Nf3 Nc6 3. Bb5 a6 4. Bxc6 dxc6 5. O-O f6 6. d4 Bg4 7. dxe5 Qxd1 8. Rxd1 fxe5 9. Rd3 Bd6 10. Nbd2 Nf6 11. b3 O-O-O 12. Bb2 Rhe8 13. Bc3 Nh5 14. g3 Nf6 15. Kg2 b5 16. Re1 c5 17. Bb2 Bd7 18.
Ng1 Bc6 19. f3 g5 20. h3 h5 21. g4 h4 22. Bc1 Nh7 {[%emt 0:00:32] '} 23. Nf1 c4 24. bxc4 bxc4 25. Rdd1 Bb4 26. Bd2 c3 27. Bc1 Ba4 28. Ne3 Nf8 29. Rxd8+ Rxd8 30. Nd5 Ba5 31. Bxg5 Rd7 32. Ne2 {[%emt 0:00:15] .} Ne6 33. Bxh4 Bxc2 34. Rc1 Nd4 35. Nxd4 exd4 36. Rxc2 Rxd5 37. exd5 d3 38. Rxc3 Bxc3 39. Kf2 Kd7 40. Ke3 d2 41. Ke2 Kd6 42. Bg5 Kxd5 43. Bxd2 Bf6 44. g5 {[%emt 0:00:01] Ivan Sokolov
resigns  (Lag: Av=0.39s, max=1.8s)} 1-0

[Event "Dutch Internet Championship Final"]
[Site "playchess.com #038132"]
[Date "2011.06.18"]
[Round "3.5"]
[White "kingloek"]
[Black "Christov"]
[Result "1-0"]
[ECO "D18"]
[WhiteElo "2879"]
[BlackElo "2519"]
[PlyCount "123"]
[EventDate "2011.06.18"]
[EventType "match (blitz)"]
[TimeControl "180+3"]

1. d4 d5 2. c4 c6 3. Nf3 Nf6 4. Nc3 dxc4 5. a4 Bf5 6. e3 e6 7. Bxc4 Bb4 8.
O-O O-O 9. Nh4 Bg6 10. Nxg6 hxg6 11. Qc2 Nbd7 12. Rd1 Qe7 13. a5 Bd6 14. h3 b5 15. Be2 a6 16. e4 e5 17. dxe5 Bxe5 18. Bf3 Nc5 19. Be3 Rac8 20. Rac1 b4 21. Bxc5 Qxc5 22. Nd5 Qxc2 23. Ne7+ Kh7 24. Rxc2 Rc7 25. Nxc6 Rfc8 26. Rdc1 b3 27. Rc4 Bxb2 28. Rb1 Rxc6 29. Rxc6 Rxc6 30. Rxb2 Rc3 31. e5 Nd7 32. Bd5 Nc5 33. Bxf7 Rc2 34. Rb1 b2 35.
Kh2 Nd3 36. e6 Re2 37. e7 Rxe7 38. Bc4 Ne5 {[%emt 0:00:32] '} 39. Bxa6 Ra7 40. Be2 Rxa5 41. Rxb2 g5 42. Rb4 Rc5 43. Re4 g6 44. g3 Kg7 45. Kg2 Kf6 46. Rd4 Rc2 47.
Bd1 Rb2 48. Rd6+ Ke7 49. Rd4 Kf6 50. Kf1 Rb1 51. Ke2 Rb2+ 52. Ke3 Rb7 53. Ke4 Re7 54. Rd6+ Kg7 55. Kd4 Nf7 56. Rd5 Re1 57. Bb3 Kf6 58. Ra5 Nh6 59. Ra6+ Kg7 60. g4 Ng8 61. Bxg8 Rd1+ 62. Ke3 {
[%emt 0:00:03] Christov geeft op  (Lag: Av=0.76s, max=7.2s)} 1-0

[Event "Dutch Internet Championship Final"]
[Site "playchess.com #038132"]
[Date "2011.06.18"]
[Round "3.6"]
[White "Ivan Sokolov"]
[Black "Jan Smeets"]
[Result "0-1"]
[ECO "E04"]
[WhiteElo "2462"]
[BlackElo "2784"]
[PlyCount "60"]
[EventDate "2011.06.18"]
[EventType "match (blitz)"]
[TimeControl "180+3"]

1. d4 d5 2. c4 c6 3. Nc3 Nf6 4. Nf3 e6 5. g3 dxc4 6. Bg2 b5 7. O-O Bb7 8. e4 Nbd7 9. Re1 Be7 10. Qc2 O-O 11. h4 h6 12. Bf4 a6 13. Rad1 Re8 14. Bh3 Qb6 15.
g4 c5 16. g5 hxg5 17. hxg5 Nh5 18. Be3 cxd4 19. Rxd4 Qc7 20. g6 Ne5 21. gxf7+ Kxf7 22. Nxe5+ Qxe5 23. f4 Nxf4 24. Rf1 g5 25. Ne2 Bc5 26. Nxf4 {[%emt 0:01:25] .} gxf4 27. Rxf4+ Ke7 28. Qf2 Rg8+ {[%emt 0:00:24] '} 29. Kf1 Qh5 30. Rd5 Qxh3+ {[%emt 0:00:10] Time  (Lag: Av=0.52s, max=1.4s)} 0-1

[Event "Dutch Internet Championship Final"]
[Site "playchess.com #038132"]
[Date "2011.06.18"]
[Round "3.6"]
[White "Christov"]
[Black "kingloek"]
[Result "0-1"]
[ECO "C02"]
[WhiteElo "2515"]
[BlackElo "2883"]
[PlyCount "94"]
[EventDate "2011.06.18"]
[EventType "match (blitz)"]
[TimeControl "180+3"]

1. e4 c5 2. Nf3 e6 3. c3 d5 4. e5 Nc6 5. d4 Bd7 6. a3 Nge7 7. Bd3 cxd4 8.
cxd4 Qb6 9. O-O Nxd4 10. Nxd4 Qxd4 11. Re1 Nc6 12. Qe2 Be7 13. Nc3 a6 14. Bc2 O-O 15. Qh5 g6 16. Qe2 Rfc8 17. g3 Qb6 18. h4 Nd4 19. Qe3 Bc5 20.
Bd1 Nb3 21. Nxd5 Bxe3 22. Nxb6 Bxb6 23. Bxb3 Bc6 24. Bg5 Bd4 25. Re2 Bf3 26. Ree1 {[%emt 0:00:25] .}
Bxb2 27. Ra2 Bd4 28. Bf6 Rc3 29. Bd1 Bd5 30. Rd2 Bc5 31. h5 Rxg3+ 32. Kh2 Rxa3 33. hxg6 fxg6 34. Bg4 Kf7 35. Bg5 h5 36. Bh3 Be7 37. Be3 g5 38. Rc1 g4 39. Bf1 Bc6 40. Bc4 h4 41. Be2 g3+ 42. Kg1 Rh8 43. Rd3 h3 44. f3 Ra2 45.
Re1 h2+ 46. Kg2 Rxe2+ 47. Rxe2 h1=Q+ {[%emt 0:00:01] Christov geeft
op  (Lag: Av=0.61s, max=8.6s)} 0-1

[Event "Dutch Internet Championship Final"]
[Site "playchess.com #038132"]
[Date "2011.06.18"]
[Round "3.7"]
[White "Jan Smeets"]
[Black "Ivan Sokolov"]
[Result "1-0"]
[ECO "B06"]
[WhiteElo "2789"]
[BlackElo "2457"]
[PlyCount "67"]
[EventDate "2011.06.18"]
[EventType "match (blitz)"]
[TimeControl "180+3"]

1. e4 g6 2. d4 Bg7 3. Nc3 d6 4. Nf3 a6 5. a4 b6 6. Bd3 e6 7. O-O Bb7 8. Ne2 Nd7 9. c3 Ne7 10. Re1 h6 11. Be3 O-O 12. Qd2 Kh7 13. h4 Nf6 14. Ng3 Ng4 15.
h5 Nxe3 16. hxg6+ fxg6 17. Qxe3 Qe8 18. Rad1 Qxa4 19. Kf1 Qe8 20. Ke2 e5 21. Rh1 Ng8 22. Bc4 Rf4 23. Ng5+ Kh8 24. Ne6 Qf7 {[%emt 0:00:46] '}
25. Ba2 Rg4 26. Qf3 Nf6 27. Ra1 Bxe4 28. Nxe4 Rxe4+ 29. Kf1 Qe7 30. Bb1 d5 31. Bxe4 dxe4 32. Qh3 h5 33. dxe5 Ng4 34. Qxg4 {[%emt 0:00:01] Time  (Lag: Av=0.32s,
max=1.0s)} 1-0

[Event "Dutch Internet Championship Final"]
[Site "playchess.com #038132"]
[Date "2011.06.18"]
[Round "4.1"]
[White "Jan Smeets"]
[Black "kingloek"]
[Result "1-0"]
[ECO "B81"]
[WhiteElo "2793"]
[BlackElo "2886"]
[PlyCount "55"]
[EventDate "2011.06.18"]
[EventType "match (blitz)"]
[TimeControl "180+3"]

1. e4 c5 2. Nf3 e6 3. d4 cxd4 4. Nxd4 Nf6 5. Nc3 d6 6. g4 Nc6 7. g5 Nd7 8.
Be3 a6 9. h4 Be7 10. Qd2 O-O 11. O-O-O Nxd4 12. Qxd4 b5 13. f4 Rb8 14. h5 b4 15. Ne2 e5 16. Qd2 exf4 17. Bxf4 Qa5 18. Kb1 Nc5 19. Bg2 Bg4 20. h6 g6 21. Qd4 Ne6 22. Qa7 Bxe2 23. Qxe7 Nxf4 24. Rxd6 Bc4 25. Qf6 Qxa2+ 26. Kc1 Qa1+ 27. Kd2 Nh5 28. Rxh5 {[%emt
0:00:04] Time '} 1-0

[Event "Dutch Internet Championship Final"]
[Site "playchess.com #038132"]
[Date "2011.06.18"]
[Round "4.2"]
[White "kingloek"]
[Black "Jan Smeets"]
[Result "1-0"]
[ECO "D36"]
[WhiteElo "2865"]
[BlackElo "2815"]
[PlyCount "65"]
[EventDate "2011.06.18"]
[EventType "match (blitz)"]
[TimeControl "180+3"]

1. d4 d5 2. c4 c6 3. Nf3 Nf6 4. Nc3 e6 5. Bg5 Nbd7 6. cxd5 exd5 7. e3 Be7 8.
Qc2 Nh5 9. Bxe7 Qxe7 10. O-O-O Nhf6 11. Bd3 a5 12. Kb1 Nb6 13. h3 O-O 14. g4 Re8 15. Ne5 g6 16. f4 Nfd7 17. Rhe1 Qh4 18. Qg2 a4 19. Nf3 Qe7 20.
e4 dxe4 21. Nxe4 Qf8 22. a3 Nd5 23. Qd2 b5 24. Ne5 b4 25. axb4 a3 26. Bc4 N7b6 27. b3 {[%emt 0:00:38] .} a2+ 28. Ka1 Ba6 29. Rc1 Ra7 30. f5 Nxb4 31. Nf6+ Kh8 32. Nxf7+ Rxf7 33. Rxe8 {[%emt 0:00:
01] Jan Smeets resigns  (Lag: Av=0.67s, max=1.1s)} 1-0

[Event "Dutch Internet Championship Final"]
[Site "playchess.com #038132"]
[Date "2011.06.18"]
[Round "4.3"]
[White "Jan Smeets"]
[Black "kingloek"]
[Result "0-1"]
[ECO "B81"]
[WhiteElo "2800"]
[BlackElo "2879"]
[PlyCount "88"]
[EventDate "2011.06.18"]
[EventType "match (blitz)"]
[TimeControl "180+3"]

1. e4 c5 2. Nf3 e6 3. d4 cxd4 4. Nxd4 Nf6 5. Nc3 d6 6. g4 h6 7. h4 Nc6 8.
Rg1 h5 9. gxh5 Nxh5 10. Bg5 Nf6 11. Qd2 a6 12. O-O-O Bd7 13. Be2 Qb6 14. Nb3 Rc8 15. f4 Qc7 16. h5 Be7 17. Kb1 b5 18. Bf3 b4 19. Ne2 e5 20.
Ng3 exf4 21. Bxf4 Ne5 22. Bxe5 dxe5 23. Nf5 Bxf5 24. exf5 Kf8 25. Qg2 Rh7 26. h6 gxh6 27. Bb7 Rd8 {[%emt 0:00:16] '} 28. Rxd8+ Qxd8 29. Bxa6 h5 30. Qe2 Qc7 31. Rh1 h4 32. Bd3 Qc6 33. Re1 e4 34. Bb5 Qd5 35.
Bc4 Qe5 36. Nd2 h3 37. Rh1 h2 38. Nf3 Qc5 39. Nd2 Qg1+ 40. Qf1 Qxf1+ 41. Nxf1 Bd6 42. a4 bxa3 43. bxa3 Ng4 44. Nxh2 Rxh2 {[%emt 0:00:02] Jan Smeets
resigns  (Lag: Av=0.58s, max=2.4s)} 0-1

[Event "Dutch Internet Championship Final"]
[Site "playchess.com #038132"]
[Date "2011.06.18"]
[Round "4.4"]
[White "kingloek"]
[Black "Jan Smeets"]
[Result "0-1"]
[ECO "D15"]
[WhiteElo "2893"]
[BlackElo "2787"]
[PlyCount "68"]
[EventDate "2011.06.18"]
[EventType "match (blitz)"]
[TimeControl "180+3"]

1. d4 d5 2. c4 c6 3. Nf3 Nf6 4. Nc3 a6 5. a4 dxc4 6. a5 e6 7. e3 c5 8. Bxc4 Nc6 9. d5 Nxa5 10. Qa4+ b5 11. Nxb5 axb5 12. Bxb5+ Bd7 13. dxe6 fxe6 14. Bd2 Bd6 15. Bxa5 Bc7 16. Bxd7+ {[%emt 0:01:
05] .} Nxd7 17. O-O Rxa5 18.
Qc6 Ke7 19. Rad1 Qc8 20. Ng5 Nf6 21. g3 Ra6 22. Qb5 h6 23. Nf3 Bd6 24. Nh4 Kf7 25. Qd3 Rd8 26. Qc4 Be7 27. Nf5 Rxd1 28. Rxd1 Rc6 29. b3 Bf8 30. e4 Kg8 31. e5 Nd5 32. f4 Rb6 33. Rxd5 exd5 34. Qxd5+ Qe6 {[%emt 0:00:00]
kingloek resigns  (Lag: Av=1.07s, max=5.9s)} 0-1

[Event "Dutch Internet Championship Final"]
[Site "playchess.com #038132"]
[Date "2011.06.18"]
[Round "4.5"]
[White "Jan Smeets"]
[Black "kingloek"]
[Result "0-1"]
[ECO "B90"]
[WhiteElo "2809"]
[BlackElo "2871"]
[PlyCount "66"]
[EventDate "2011.06.18"]
[EventType "match (blitz)"]
[TimeControl "180+3"]

1. e4 c5 2. Nf3 d6 3. d4 cxd4 4. Nxd4 Nf6 5. Nc3 a6 6. Be3 e5 7. Nf3 Be7 8.
Bc4 O-O 9. a4 Nc6 10. O-O Na5 11. Ba2 Be6 12. Qd3 Rc8 13. Bxe6 fxe6 14. Rad1 Qc7 15. Bc1 h6 16. Qe2 Qc4 17. Rd3 b5 18. axb5 axb5 19. b3 Qc5 20. Ne1 Nc6 21. Be3 Nd4 22. Qd2 b4 23. Na4 Nxe4 24. Nxc5 Nxd2 25. Nxe6 Nxf1 26. Nxf8 Nxe3 27. fxe3 Nxc2 28. Nxc2 Rxc2 29. Ng6 Kf7 30. Nxe7 Kxe7 31. Kf1 Rc3 32. Rxc3 bxc3 33. Ke2 d5 {[%emt 0:00:01] Jan Smeets resigns  (Lag: Av=0.56s, max=1.
3s)} 0-1

[Event "Dutch Internet Championship Final"]
[Site "playchess.com #038132"]
[Date "2011.06.18"]
[Round "4.6"]
[White "kingloek"]
[Black "Jan Smeets"]
[Result "0-1"]
[ECO "D15"]
[WhiteElo "2885"]
[BlackElo "2795"]
[PlyCount "98"]
[EventDate "2011.06.18"]
[EventType "match (blitz)"]
[TimeControl "180+3"]

1. d4 d5 2. c4 c6 3. Nf3 Nf6 4. Nc3 a6 5. a4 dxc4 6. g3 e6 7. Bg5 c5 8. Bxf6 Qxf6 9. d5 Nd7 10. Bg2 Rb8 11. O-O e5 12. a5 Qd8 13. Qa4 b5 14. axb6 Rxb6 15.
Qc2 Be7 16. Nd2 Rb4 17. Rfd1 O-O 18. Nce4 f5 19. d6 fxe4 20. dxe7 Qxe7 21. Nxe4 Nf6 22. Nd6 Bg4 23. Rxa6 Rfb8 24. Nxc4 Be6 25. Nxe5 Bb3 26. Nc6 Bxc2 27. Nxe7+ Kf7 28. Rc1 Rxb2 29. Nc6 Rb1 30. Ra1 Rxa1 31. Rxa1 Rb2 32. Rc1 {[%emt 0:00:22] .} Ke6 33. Na5 Ra2 34. Nc4 Bb3 35. e3 Bxc4 36. Rxc4 Ra1+ 37. Bf1 Kd6 38. Kg2 Nd7 39. Rc2 Nb6 40. f4 Nd5 41. Rd2 Kc6 42. Kf3 Rxf1+ 43. Ke4 Nc3+ 44. Kd3 Nb5 45. g4 Rc1 46. g5 c4+ 47. Ke4 c3 48. Rg2 Re1 49. f5 Nd6+ {[%emt 0:00:01] kingloek resigns
(Lag: Av=0.99s, max=8.1s)} 0-1

[Event "Dutch Internet Championship Final"]
[Site "playchess.com #038132"]
[Date "2011.06.18"]
[Round "4.7"]
[White "Jan Smeets"]
[Black "kingloek"]
[Result "1/2-1/2"]
[ECO "A07"]
[WhiteElo "2816"]
[BlackElo "2863"]
[PlyCount "157"]
[EventDate "2011.06.18"]
[EventType "match (blitz)"]
[TimeControl "180+3"]

1. Nf3 d5 2. g3 Nf6 3. Bg2 Bf5 4. O-O e6 5. d3 h6 6. Nbd2 Bh7 7. b3 c5 8.
Bb2 Nc6 9. Ne5 Nxe5 10. Bxe5 Bd6 11. Bxd6 Qxd6 12. c4 O-O 13. Nf3 Rad8 14. Qd2 e5 15. cxd5 Nxd5 16. Rfd1 f6 17. Qb2 Kh8 18. a3 a5 19. Nd2 b6 20. Nc4 Qe6 21. b4 cxb4 22. Bxd5 Rxd5 23. axb4 Rb5 24. Qa3 Rxb4 25. Rab1 Qe7 26. Nxb6 Rxb1 27. Qxe7 Rxd1+ 28. Kg2 Rg8 29. Qc5 Ra1 30. Qc3 Ra2 31. Kf3 e4+ 32. dxe4 Re8 33. e5 Rxe5 34. Qc8+ Bg8 35. e3 Kh7 36. g4 Rd2 {
[%emt 0:00:19] '} 37. Nd7 Red5 38. Nf8+ Kh8 39. Ng6+ Kh7 40. Ne7 Rd8 41. Qf5+ Kh8 42. Qxa5 Bf7 43. h4 R2d7 44. h5 Re8 45. Nf5 Be6 46. Nh4 Kg8 47. Kg3 Red8 48. f3 Re8 49. e4 Rd3 50.
Kf4 Bf7 51. Qb5 Red8 52. Nf5 Rb3 53. Qc6 Rbd3 54. Ne7+ Kf8 55. Nf5 Kg8 56. Qc5 {[%emt 0:00:01] .} R3d7 57. e5 fxe5+ 58. Qxe5 Ba2 59. Ne7+ Kh8 60. Ng6+ Kg8 61. Kg3 Bb3 62. Kh4 Ba2 63. f4 Bb3 64. f5 Bf7 65. Nf4 Rd4 66. f6 Ra4 67.
Ne6 Re8 68. Qb5 Rxg4+ 69. Kxg4 Bxe6+ 70. Kh4 Bf7 71. fxg7 Kxg7 72. Qb2+ Kg8 73. Qg2+ Kf8 74. Qd2 Re6 75. Qf4 Kg7 76. Qg3+ Kf8 77. Qf4 Kg7 78. Qg3+ Kf8 79. Qf4 {[%emt 0:00:01] (Lag: Av=0.76s, max=18.4s)}
1/2-1/2

[Event "Dutch Internet Championship Final"]
[Site "playchess.com #038132"]
[Date "2011.06.18"]
[Round "4.8"]
[White "kingloek"]
[Black "Jan Smeets"]
[Result "0-1"]
[ECO "D15"]
[WhiteElo "2861"]
[BlackElo "2819"]
[PlyCount "156"]
[EventDate "2011.06.18"]
[EventType "match (blitz)"]
[TimeControl "180+3"]

1. d4 d5 2. c4 c6 3. Nf3 Nf6 4. Nc3 a6 5. a4 dxc4 6. g3 e6 7. Bg5 Nbd7 8.
Bg2 Bb4 9. O-O h6 10. Bxf6 Qxf6 11. e3 O-O 12. Nd2 e5 13. Nxc4 exd4 14. exd4 Rd8 15. Qb3 a5 16. Rad1 Rb8 17. Ne5 Nxe5 18. dxe5 Qe7 19. Rxd8+ Qxd8 20. Rd1 Qe7 21. h3 Bf5 22. f4 Rd8 23. Kh2 Rd7 24. Ne4 Qd8 25. Nd6 Be6 26. Qd3 g6 27. g4 Qh4 28. Qf3 Bd5 29. Qg3 Qxg3+ 30. Kxg3 Bb3 31. Rd4 Bxa4 32. f5 gxf5 33. gxf5 Kf8 34. f6 Bc2 35.
Kf4 Bg6 36. Be4 Bc5 37. Rd2 Bxe4 38. Kxe4 a4 39. Rc2 Bxd6 40. Rd2 Ke8 41. exd6 Rd8 42. Kd4 Kd7 43. Kc5 Re8 44. Kb6 {[%emt 0:00:09] .} Re6 45. Rd4 Rxd6 46. Rxa4 Rxf6 47. Kxb7 Kd6 48. Kb6 Kd5 49. Rh4 Re6 50. Rh5+ Ke4 51. Rc5 f5 52. b4 f4 53. Rc4+ Ke3 54. Rc3+ Ke2 55. Rc2+ Kf1 56. Rxc6 Rxc6+ 57. Kxc6 f3 58. b5 f2 59. b6 Kg2 60. b7 f1=Q 61. b8=Q Qf3+ 62. Kc5 Kxh3 63. Qc8+ Qg4 64. Qf8 Qg5+ 65. Kd4 Kg2 66. Ke4 Qg4+ 67. Ke3 Qg3+ 68. Ke2 Qe5+ 69. Kd2 Qd4+ 70. Ke2 Qe4+ 71. Kd2 h5 72. Qg7+ Kh3 73. Qd7+ Kh2 74. Qd6+ Kg2 75. Qf6 h4 76. Qg5+ Kh2 77. Kd1 Qh1+ 78. Ke2 Qg2+ {
[%emt 0:00:00] kingloek resigns  (Lag: Av=0.91s, max=3.4s)} 0-1